 Dungeon Crawl Stone Soup version 0.19-a0-981-gaae9137 (webtiles) character file.

527 matakusis the Slasher (level 7, -1/54 HPs)
             Began as a Demonspawn Gladiator on July 14, 2016.
             Slain by an ogre
             ... wielding a +0 giant club
              (16 damage)
             ... on level 4 of the Dungeon.
             The game lasted 00:10:03 (2879 turns).

matakusis the Slasher (Demonspawn Gladiator)        Turns: 2879, Time: 00:10:03

Health: -1/54      AC: 14    Str: 17    XL:     7   Next: 2%
Magic:  7/7        EV:  8    Int:  9    God:
Gold:   117        SH: 10    Dex: 14    Spells: 0 memorised, 6 levels left

rFire  . . .     SeeInvis .     a - +0 long sword
rCold  . . .     Gourm    .     m - +3 scale mail {MR+}
rNeg   . . .     Faith    .     l - +1 shield
rPois  .         Spirit   .     c - +0 helmet
rElec  .         Dismiss  .     (no cloak)
rCorr  .         Reflect  .     (no gloves)
SustAt .         Harm     .     (no boots)
MR     +....                    (no amulet)
Stlth  ..........               (no ring)
                                (no ring)

@: somewhat resistant to hostile enchantments, extremely unstealthy
A: claws 1, iridescent scales 1, foul stench 1, rot immunity
a: no special abilities


You were on level 4 of the Dungeon.
You were not hungry.

You visited 1 branch of the dungeon, and saw 4 of its levels.

You collected 117 gold pieces.

Inventory:

Hand Weapons
 a - a +0 long sword (weapon)
Missiles
 d - a throwing net (quivered)
Armour
 b - a +0 leather armour
 c - a +0 helmet (worn)
 l - a +1 shield (worn)
 m - a +3 scale mail of magic resistance (worn)
Jewellery
 e - an uncursed amulet of faith
Scrolls
 k - a scroll of amnesia
Potions
 i - a potion of agility {unknown}
Comestibles
 f - 4 bread rations
 g - 3 chunks of flesh
 h - 2 royal jellies
 j - a meat ration
 n - a beef jerky


   Skills:
 * Level 4.1 Fighting
 + Level 4.2 Long Blades
 - Level 1.7 Throwing
 * Level 2.7 Armour
 - Level 3.2 Dodging
 * Level 2.9 Shields


You had 6 spell levels left.
You didn't know any spells.

Dungeon Overview and Level Annotations

Branches:
Dungeon (4/15)
 Temple: D:4-7

Altars:
Pakellas
Trog
Zin


Innate Abilities, Weirdness & Mutations

You have sharp fingernails.
You are partially covered in iridescent scales. (AC +4)
You may emit foul miasma when damaged in melee.
You are immune to rotting.


Message History

The ogre looks sick.
Unknown command.
You hit the ogre.
The ogre is heavily wounded.
You block the ogre's attack.
You closely miss the ogre.
The ogre is heavily wounded.
The ogre hits you but does no damage.
Unknown command.
You hit the ogre.
The ogre is heavily wounded.
You block the ogre's attack.
You hit the ogre.
The ogre is severely wounded.
The ogre hits you but does no damage.
Unknown command.
You barely miss the ogre.
The ogre is severely wounded.
The ogre hits you with a giant club!
You die...

#...# #...# #...# #[..##+
#(..... #############.....
#####
###...#..........#+##.$...
#...<.#.........@#........
#..>..'........†O#.......#
#.....#..........'........
#.....#..........#........
#.....#..........#(.%.....
###...#..........#########
..#...#######......
..#.....# #.......
..'...).# #....[..


You could see an ogre.

Vanquished Creatures
  A phantom (D:3)
  An ogre (D:4)
  2 hounds (D:4)
  Natasha (thrice) (D:2)
  Terence (D:2)
  An orc wizard (D:3)
  A worker ant (D:4)
  4 adders
  2 oozes
  2 worms
  A dart slug (D:3)
  The ghost of crawlian the Firebug, a weakling DEFE (D:3)
  4 giant geckos
  7 orcs (D:3)
  4 ball pythons
  5 giant cockroaches
  9 goblins
  7 hobgoblins
  3 jackals (D:3)
  A quokka (D:3)
  10 bats
  7 giant newts
  10 kobolds
  7 rats
94 creatures vanquished.

Notes
Turn   | Place    | Note
-------+----------+-------------------------------------------
     0 | D:1      | matakusis the Demonspawn Gladiator began the quest for the Orb.
     0 | D:1      | Reached XP level 1. HP: 16/16 MP: 1/1
   102 | D:1      | Gained mutation: You are partially covered in iridescent scales. (AC +4) [demonic ancestry]
   102 | D:1      | Reached XP level 2. HP: 18/22 MP: 2/2
   338 | D:1      | Reached XP level 3. HP: 28/28 MP: 3/3
   739 | D:2      | Found an oddly glowing altar of Pakellas.
   788 | D:2      | Noticed Terence
   818 | D:2      | Killed Terence
  1033 | D:2      | Reached XP level 4. HP: 32/34 MP: 4/4
  1069 | D:2      | Noticed Natasha
  1083 | D:2      | Killed Natasha
  1083 | D:2      | Reached skill level 1 in Armour
  1083 | D:2      | Reached skill level 1 in Shields
  1095 | D:2      | Found a faded altar of an unknown god.
  1447 | D:2      | Noticed Natasha
  1458 | D:2      | Killed Natasha
  1458 | D:2      | Gained mutation: You have sharp fingernails. [demonic ancestry]
  1458 | D:2      | Reached XP level 5. HP: 25/41 MP: 5/5
  1691 | D:2      | Noticed Natasha
  1700 | D:2      | Killed Natasha
  1818 | D:3      | Noticed crawlian's ghost (weakling DEFE)
  1826 | D:3      | Killed crawlian's ghost
  2378 | D:3      | Found a glowing silver altar of Zin.
  2462 | D:3      | Noticed a phantom
  2506 | D:3      | Killed a phantom
  2506 | D:3      | Gained mutation: You are immune to rotting. [demonic ancestry]
  2506 | D:3      | Reached XP level 6. HP: 33/48 MP: 6/6
  2697 | D:3      | Found a bloodstained altar of Trog.
  2848 | D:4      | Gained mutation: You may emit foul miasma when damaged in melee. [demonic ancestry]
  2848 | D:4      | Reached XP level 7. HP: 48/54 MP: 7/7
  2879 | D:4      | Slain by an ogre

Vault maps used:
D:1:      scummos_arrival_gate, minmay_tetromino_l4
D:2:      ecumenical_altar_2, grunt_pakellas_salt, uniq_natasha, uniq_terence
D:3:      old_standard_altar, lightli_temple_of_fire, first_bread
D:4:      grunt_dithmenos_shadows, sigmund_army, uniq_edmund

Skill      XL: |  1  2  3  4  5  6 |
---------------+-------------------+-----
Long Blades    | 3 4 |  4.2
Dodging        | 3 |  3.2
Armour         | 1 2 |  2.7
Shields        | 1 2 |  2.9
Fighting       | 3 4 |  4.1
Throwing       | |  1.7

Action                   |  1- 3 |  4- 6 |  7- 9 || total
-------------------------+-------+-------+-------++-------
Melee: Long sword        |   135 |   279 |    21 ||   435
Throw: Throwing net      |     3 |       |       ||     3
  Use: Scroll            |       |     6 |       ||     6
       Potion            |       |     1 |     1 ||     2
 Stab: Sleeping          |     2 |       |       ||     2
  Eat: Chunk             |     1 |     6 |       ||     7
Armor: Leather armour    |    36 |       |       ||    36
       Scale mail        |     9 |   138 |    14 ||   161
Dodge: Dodged            |    66 |   100 |     6 ||   172
Block: Shield            |    14 |   147 |    18 ||   179
